 Dungeon Crawl Stone Soup version 0.30-a0-989-g0d87f670db (webtiles) character file.

Game seed: 6419068419023232575

5782 Monkooky the Cutter (level 10, -2/92 HPs)
             Began as an Armataur Warper on Apr 3, 2023.
             Was a Follower of Uskayaw.
             Slain by a gnoll
             ... wielding a +0 hand axe
              (18 damage)
             ... in a bailey on Apr 4, 2023.
             The game lasted 00:27:55 (8521 turns).

Monkooky the Cutter (Armataur Warper)               Turns: 8521, Time: 00:27:56

Health: -2/92      AC: 12    Str: 18    XL:     10   Next: 50%
Magic:  32/32      EV:  1    Int: 14    God:    Uskayaw [*.....]
Gold:   602        SH:  0    Dex: 12    Spells: 5/12 levels left

rFire   + . .      SeeInvis .    u - +2 rapier (venom)
rCold   . . .      Faith    .    (no shield)
rNeg    . . .      Spirit   .    K - +3 scale mail {rF+}
rPois   .          Reflect  .    L - +0 helmet
rElec   .          Roll     +    (no cloak)
rCorr   .                        (no gloves)
Will    .....                    (no barding)
Stlth   +                        (no amulet)
HPRegen 0.35/turn                f - ring of magical power
MPRegen 0.23/turn                n - ring of magical power

@: mighty, sleeping, weak-willed
A: large, rugged brown scales 3, deformed body, armoured tail, roll, long
tongue, awkward tongue
a: Renounce Religion, Stomp


You were in a bailey.
You worshipped Uskayaw.
Uskayaw was noncommittal.
You visited 1 branch of the dungeon, and saw 7 of its levels.
You also visited: Ossuary and Bailey.

You collected 602 gold pieces.

Inventory:

Hand Weapons
 a - a +0 mace
 t - a +0 flail
 u - a +2 rapier of venom (weapon)
 x - a +0 dagger of speed
 A - the +7 long sword "Eviscerator" {freeze, Will++ Str-3}
   (You found it on level 5 of the Dungeon)

   Str:       It affects your strength (-3).
   Will:      It greatly increases your willpower.
 J - a +5 flail of holy wrath
Missiles
 B - 2 boomerangs (quivered)
Armour
 b - a +0 leather armour
 y - a +1 robe of willpower
 K - a +3 scale mail of fire resistance (worn)
 L - a +0 helmet (worn)
Jewellery
 f - a ring of magical power (left hand)
 n - a ring of magical power (right hand)
 r - an amulet of the acrobat
 z - a ring of protection from fire
Wands
 w - a wand of polymorph (4)
Scrolls
 c - a scroll of blinking
 e - 2 scrolls of fog
 h - a scroll of enchant armour {unknown}
 l - 4 scrolls of brand weapon
 m - 2 scrolls of amnesia
 D - 2 scrolls of teleportation
Potions
 i - 2 potions of brilliance
 j - a potion of magic
 k - 5 potions of might
 o - 4 potions of flight
 p - a potion of curing
 q - 2 potions of cancellation {unknown}
 s - a potion of resistance {unknown}
 v - a potion of berserk rage {unknown}
 E - 3 potions of degeneration {unknown}
 F - 2 potions of invisibility {unknown}
 G - 2 potions of mutation {unknown}
 H - 2 potions of attraction {unknown}
 I - a potion of ambrosia {unknown}


   Skills:
 * Level 7.1 Fighting
 - Level 7.5 Short Blades
 - Level 5.7 Maces & Flails
 - Level 0.8 Throwing
 + Level 6.4 Armour
 - Level 1.3 Dodging
 - Level 4.6 Stealth
 - Level 1.7 Spellcasting
 - Level 1.5 Conjurations
 - Level 4.2 Translocations
 - Level 5.4 Invocations


You had 5 spell levels left.
You knew the following spells:

 Your Spells              Type           Power      Damage    Failure   Level
a - Blink                 Tloc           26%        N/A       19%         2
b - Vhi's Electric Charg  Tloc/Air       14%        N/A       65%         3
c - Momentum Strike       Conj/Tloc      18%        3d8       32%         2

Your spell library contained the following spells:

 Spells                   Type           Power      Damage    Failure   Level
 Lesser Beckoning         Tloc           26%        N/A       19%         2
 Magic Dart               Conj           20%        1d4       36%         1
 Gell's Gravitas          Tloc           13%        N/A       36%         3
 Teleport Other           Tloc           13%        N/A       36%         3
 Foxfire                  Conj/Fire      12%        2x1d2     45%         1
 Call Imp                 Summ           1%         N/A       71%         2
 Manifold Assault         Tloc           13%        N/A       77%         4
 Dazzling Flash           Conj/Hex       6%         N/A       83%         3
 Hailstorm                Conj/Ice       3%         3d3       83%         3
 Mephitic Cloud           Conj/Pois/Air  2%         N/A       86%         3
 Iskenderun's Mystic Bla  Conj/Tloc      9%         2d4       91%         4
 Dispersal                Tloc           6%         N/A       100%        6
 Starburst                Conj/Fire      1%         6d3       100%        6


Dungeon Overview and Level Annotations

Branches:
Dungeon (7/15)             Temple (0/1) D:6         Ossuary (visited)
 Bailey (1/1)

Altars:
Ashenzari
Cheibriados
Nemelex Xobeh
Qazlal
Ru
Uskayaw
Xom

Annotations:
D:5 1 runed translucent door, exclusion: downstairs, Crazy Yiuf
D:6 exclusion: downstairs


Innate Abilities, Weirdness & Mutations

You are completely covered in rugged brown scales. (AC +3, +7% HP)
Armour fits poorly on your strangely shaped body.
You have a long armoured tail.
You roll when moving toward enemies. (Rampage)
Your long tongue fully drains potion bottles. (2x potion effects)
Your tongue gives you trouble enunciating. (1.5x scroll delay)


Message History

You puncture the goblin!
You kill the goblin!
A hobgoblin comes into view. It is wielding a +0 hand axe.
The hobgoblin shouts!
Things that are here:
a +0 hand axe; a +0 leather armour; a goblin corpse
There is a fountain of clear blue water here.
You roll towards the hobgoblin!
You hit the hobgoblin.
The hobgoblin is poisoned.
You tail-slap the hobgoblin.
You kill the hobgoblin!
Really read the scroll of vulnerability?
As you slowly read the scroll of vulnerability, it crumbles to dust.
Magic quickly surges around you.
Aiming: Polymorph
Press: ? - help, Shift-Dir - straight line, f - orc knight
Aim: an orc knight, wielding a +0 war axe and wearing a +0 chain mail (weak-willed, will become a dream sheep, an elephant, or a troll, chance to affect: 49%)
The orc knight resists with some effort.
Aiming: Polymorph
Press: ? - help, Shift-Dir - straight line, f/p - orc knight
Aim: an orc knight, wielding a +0 war axe and wearing a +0 chain mail (weak-willed, will become a dream sheep, an elephant, or a troll, chance to affect: 49%)
The orc knight resists with some effort.
Aiming: Polymorph
Press: ? - help, Shift-Dir - straight line, f/p - orc knight
Aim: an orc knight, wielding a +0 war axe and wearing a +0 chain mail (weak-willed, will become a dream sheep, an elephant, or a troll, chance to affect: 49%)
The orc knight resists with some effort.
The orc knight hits you with a +0 war axe!
* * * LOW HITPOINT WARNING * * *
Aiming: Polymorph
Press: ? - help, Shift-Dir - straight line, f/p - orc knight
Aim: an orc knight, wielding a +0 war axe and wearing a +0 chain mail (weak-willed, will become a dream sheep, an elephant, or a troll, chance to affect: 49%)
The orc knight evaporates and reforms as a dream sheep!
The dream sheep bites you.
* * * LOW HITPOINT WARNING * * *
The dream sheep attacks as you move away!
The dream sheep barely misses you.
The dream sheep shakes its wool and sparkles.
You feel drowsy...
You fall asleep.
The gnoll barely misses you. The gnoll hits you with a +0 hand axe!!
You die...

.....⌠g....#
#.........# .........#
#.......# #.......#
#))...# ##)#### #
##.))..## ## #.)@....#
#. ##.ggY...## ##.
#.........# #..
##....)....## ##.o
#.....⌠g....#######...
##.....)...##.....##.g
#.........#.......#..
##.......##.......##o
#.......'....gg...'.


You could see a dream sheep, 2 gnolls and a goblin.

Vanquished Creatures
  An orc warlord (Bailey)
  Pikel (D:4)
  An orc knight (Bailey)
  Maggie (D:6)
  2 wyverns
  Menkaure (D:6)
  2 vampire mosquitoes (D:7)
  Edmund (D:5)
  Duvessa (D:4)
  8 orc warriors (Bailey)
  A black bear (D:6)
  2 ice beasts
  An ogre (D:6)
  4 centaurs
  2 lemures (D:4)
  2 phantoms
  A gnoll sergeant (D:7)
  Blork the orc (D:4)
  2 scorpions (D:4)
  3 wights (D:6)
  Dowan (D:4)
  4 crimson imps (D:3)
  3 hounds
  3 orc priests
  2 jellies (D:5)
  3 iguanas
  3 orc wizards (D:4)
  8 mummies (Ossuary)
  15 gnolls
  An adder (D:5)
  A white imp (D:5)
  2 ufetubi
  2 worms
  3 dart slugs
  30 orcs
  3 ball pythons
  7 bats
  7 endoplasms
  2 giant cockroaches
  14 goblins
  13 hobgoblins
  2 quokkas
  4 frilled lizards
  3 gnoll zombies (Ossuary)
  3 hobgoblin zombies (Ossuary)
  6 kobolds
  2 orc zombies (Ossuary)
  4 rats
  A butterfly (D:6)
190 creatures vanquished.

Notes
Turn   | Place    | Note
-------+----------+-------------------------------------------
     0 | D:1      | Monkooky the Armataur Warper began the quest for the Orb.
     0 | D:1      | Reached XP level 1. HP: 18/18 MP: 3/3
     3 | D:1      | Noticed an electric eel
     4 | D:1      | Noticed an electric eel
   107 | D:1      | Reached XP level 2. HP: 22/25 MP: 4/4
   929 | D:2      | Reached XP level 3. HP: 30/31 MP: 5/5
  1123 | D:2      | Learned a level 2 spell: Blink
  1263 | D:3      | Found a hide-covered altar of Uskayaw.
  1266 | D:3      | Noticed an ice beast
  1276 | D:3      | Noticed a +0 hand axe
  1277 | D:3      | Noticed a +0 hand axe
  1281 | D:3      | Became a worshipper of Uskayaw the Reveller
  1398 | D:3      | Reached * piety under Uskayaw
  1400 | D:3      | Reached ** piety under Uskayaw
  1407 | D:3      | Killed an ice beast
  1407 | D:3      | Reached *** piety under Uskayaw
  1408 | D:3      | Reached XP level 4. HP: 23/38 MP: 6/6
  1410 | D:3      | Reached XP level 5. HP: 27/43 MP: 7/7
  1665 | D:3      | Got Cukofiot's Anthology of Prime Fog
  1699 | D:3      | Found a sparkling altar of Nemelex Xobeh.
  1731 | D:3      | Found a faded altar of an unknown god.
  1773 | D:3      | Found a shimmering altar of Xom.
  1795 | D:3      | Reached skill level 5 in Maces & Flails
  1798 | D:3      | Reached **** piety under Uskayaw
  1809 | D:3      | Reached ***** piety under Uskayaw
  1976 | D:3      | Reached skill level 1 in Invocations
  1976 | D:3      | Reached XP level 6. HP: 31/51 MP: 8/8
  2148 | D:3      | Found a broken altar of Ashenzari.
  2248 | D:4      | Noticed Blork the orc
  2261 | D:4      | Killed Blork the orc
  2495 | D:4      | Reached XP level 7. HP: 39/56 MP: 10/10
  2719 | D:4      | Found a sacrificial altar of Ru.
  2741 | D:4      | Noticed Dowan
  2741 | D:4      | Noticed Duvessa
  2767 | D:4      | Killed Duvessa
  2768 | D:4      | Reached skill level 5 in Invocations
  2771 | D:4      | Killed Dowan
  2975 | D:4      | Reached skill level 1 in Short Blades
  3148 | D:4      | Noticed Pikel
  3173 | D:4      | Killed Pikel
  3174 | D:4      | Reached XP level 8. HP: 10/64 MP: 12/12
  3371 | D:4      | Learned a level 3 spell: Vhi's Electric Charge
  3382 | D:4      | Found a snail-covered altar of Cheibriados.
  3463 | D:4      | Learned a level 2 spell: Momentum Strike
  3476 | D:5      | Entered Level 5 of the Dungeon
  3511 | D:5      | Identified the +7 long sword "Eviscerator" {freeze, Will++
                  | Str-3}
  3528 | D:5      | Reached skill level 5 in Short Blades
  3528 | D:5      | Reached skill level 1 in Stealth
  3980 | D:5      | Found a runed translucent door.
  3981 | D:5      | Noticed Crazy Yiuf
  4001 | D:5      | Found a stormy altar of Qazlal.
  4850 | D:6      | Found a staircase to the Ecumenical Temple.
  4900 | D:6      | Found a sand-covered staircase.
  4907 | Ossuary  | Entered an ossuary
  5432 | D:6      | Reached XP level 9. HP: 71/71 MP: 13/13
  5662 | D:6      | HP: 3/100 [wight/+3 battleaxe (5)]
  5894 | D:6      | Noticed Edmund
  6126 | D:5      | Killed Edmund
  6371 | D:6      | Reached skill level 1 in Conjurations
  6496 | D:6      | Noticed Maggie
  6520 | D:6      | Noticed Menkaure
  6526 | D:6      | Killed Menkaure
  6733 | D:6      | Identified the +1 sling "Xir Buaxkuku" {speed, rPois rC++
                  | Int-2 Dex+3}
  7001 | D:6      | Killed Maggie
  7875 | D:7      | Found a flagged portal.
  7897 | Bailey   | Entered a bailey
  8000 | Bailey   | Reached skill level 5 in Fighting
  8180 | Bailey   | Reached XP level 10. HP: 28/86 MP: 14/14
  8436 | Bailey   | Reached skill level 5 in Armour
  8437 | Bailey   | Noticed an orc knight
  8439 | Bailey   | Noticed an orc warlord
  8449 | Bailey   | HP: 3/88 [orc warlord/+4 battleaxe (32)]
  8451 | Bailey   | Killed an orc knight
  8479 | Bailey   | Noticed an orc knight
  8486 | Bailey   | Killed an orc warlord
  8517 | Bailey   | an orc knight changed into a dream sheep
  8521 | Bailey   | Slain by a gnoll

Illustrated notes

Levels and vault maps discovered:
D:1:      arrival_aquarium_b, layout_basic
D:2:      layout_loops_cross
D:3:      layout_rooms, dancing_weapons_uskayaw, lemuel_doored_altar,
          marbit_many_paths, led_xom_imps, basic_ecumenical_altar
D:4:      layout_cave_pools, general_overflow_altar, kennysheep_slug_shrine,
          kennysheep_orc_chapel, uniq_duvessa, uniq_blork_the_orc, uniq_pikel
D:5:      layout_basic, mainiacjoe_overflow_boulevard, uniq_crazy_yiuf_cottage
D:6:      layout_basic, minmay_temple_entry_butterflies,
          chequers_ossuary_entry_cave, uniq_menkaure, uniq_maggie, uniq_edmund
D:7:      layout_rooms, enter_bailey_3
Bailey:   bailey_axe_minmay_hex_keep, bailey

Skill      XL: |  1  2  3  4  5  6  7  8  9 10 |
---------------+-------------------------------+-----
Maces & Flails | 2 3 4 5 |  5.7
Invocations    | 1 4 5 |  5.4
Short Blades   | 4 6 7 |  7.5
Stealth        | 4 |  4.6
Conjurations   | 1 |  1.5
Translocations | 4 |  4.2
Fighting       | 5 7 |  7.1
Armour         | 4 6 |  6.4
Throwing       | |  0.8
Dodging        | |  1.3
Spellcasting   | |  1.7

Action                     |  1- 3 |  4- 6 |  7- 9 | 10-12 || total
---------------------------+-------+-------+-------+-------++-------
  Melee: Mace              |    92 |   100 |    10 |       ||   202
         Tailslap          |    10 |    15 |    55 |    11 ||    91
         Unarmed           |    10 |    23 |    39 |       ||    72
         Punch             |     1 |       |    10 |     1 ||    12
         Rapier            |       |       |   307 |    60 ||   367
         Flail             |       |       |    15 |       ||    15
  Throw: Boomerang         |       |       |     8 |     1 ||     9
   Cast: Blink             |     1 |     1 |     3 |     1 ||     6
         Momentum Strike   |       |       |     3 |       ||     3
 Invoke: Stomp             |       |    12 |     8 |     3 ||    23
         Line Pass         |       |       |     1 |     2 ||     3
  Evoke: Wand              |       |       |       |     4 ||     4
    Use: Scroll            |     4 |     2 |     5 |     2 ||    13
         Potion            |     1 |     2 |     9 |     4 ||    16
   Stab: Paralysed         |       |     2 |     9 |     2 ||    13
         Sleeping          |       |     1 |     5 |       ||     6
 Armour: Leather armour    |    50 |    32 |     6 |       ||    88
         Skin              |    15 |    54 |    31 |       ||   100
         Robe              |       |       |    37 |       ||    37
         Scale mail        |       |       |    69 |    18 ||    87
  Dodge: Dodged            |    60 |    51 |   163 |    19 ||   293

Table legend: (Time is in decaauts)
 A = Elapsed time spent in this place.
 B = Non-inter-level travel time spent in this place.
 C = Inter-level travel time spent in this place.
 D = Time resting spent in this place.
 E = Time spent auto-exploring this place.
 F = Levels seen in this place.
 G = Mean time per level.
                   A        B        C        D        E       F      G
               +--------+--------+--------+--------+--------+-----+--------+
         Total |   8499 |   8175 |    324 |   1535 |   4873 |   9 |  944.3 |
       Dungeon |   7412 |   7088 |    324 |    941 |   4684 |   7 | 1058.9 |
       Ossuary |    479 |    479 |      0 |    255 |    125 |   1 |  479.0 |
        Bailey |    607 |    607 |      0 |    339 |     64 |   1 |  607.0 |
               +--------+--------+--------+--------+--------+-----+--------+

Top non-repeatable levels by time:
     D:6: 1697 daAuts
     D:5: 1435 daAuts
     D:4: 1376 daAuts
     D:3: 962 daAuts
     D:2: 820 daAuts
     D:7: 640 daAuts
  Bailey: 607 daAuts
     D:1: 480 daAuts
 Ossuary: 479 daAuts
